 Dungeon Crawl Stone Soup version 0.20-a0-809-gaf7f668 (webtiles) character file.

53 Gorglomux the Charlatan (level 3, -7/32 HPs)
             Began as a Deep Dwarf Wanderer on Mar 3, 2017.
             Killed by nerve-wracking pain
             ... invoked by Jessica
              (8 damage)
             ... on level 3 of the Dungeon.
             The game lasted 00:05:49 (1604 turns).

Gorglomux the Charlatan (Deep Dwarf Wanderer)       Turns: 1604, Time: 00:05:50

Health: -7/32      AC:  7    Str: 16    XL:     3   Next: 62%
Magic:  6/6        EV:  9    Int: 11    God:
Gold:   148        SH:  0    Dex: 13    Spells: 4/6 levels left

rFire    . . .     SeeInvis .   b - +0 short sword
rCold    . . .     Gourm    .   n - +0 scale mail
rNeg     . . .     Faith    .   (no shield)
rPois    .         Spirit   .   (no helmet)
rElec    .         Reflect  .   i - +0 cloak
rCorr    .         Harm     .   (no gloves)
MR       .....                  (no boots)
Stlth    ..........             (no amulet)
Regen    0.0/turn               (no ring)
MPRegen  0.1/turn               (no ring)

@: non-regenerating
A: damage resistance, heal wounds, sense surroundings 1, no regeneration
a: Heal Wounds


You were on level 3 of the Dungeon.
You were hungry.

You visited 1 branch of the dungeon, and saw 3 of its levels.

You collected 148 gold pieces.

Inventory:

Hand Weapons
 b - a +0 short sword (weapon)
Armour
 d - a +0 robe
 i - a +0 cloak (worn)
 n - a +0 scale mail (worn)
Scrolls
 g - a scroll of teleportation {unknown}
 j - 5 scrolls of identify {unknown}
 l - 2 scrolls of magic mapping {unknown}
 m - a scroll of immolation {unknown}
 p - a scroll of noise {unknown}
 s - 2 scrolls of recharging {unknown}
 t - a scroll of enchant weapon {unknown}
 v - a scroll of remove curse {unknown}
 w - a scroll of enchant armour {unknown}
Potions
 r - a potion of magic {unknown}
 x - a potion of agility {unknown}
Books
 a - a book of Battle

   Spells                             Type                      Level
   a - Infusion                       Charms                       1
   b - Shroud of Golubria             Charms/Translocation         2
   c - Song of Slaying                Charms                       2
   d - Spectral Weapon                Hexes/Charms                 3
   e - Regeneration                   Charms/Necromancy            3
 c - the Guide on Black Rites

   Spells                             Type                      Level
   a - Corpse Rot                     Necromancy                   2
   b - Sublimation of Blood           Necromancy                   2
 q - a book of Misfortune

   Spells                             Type                      Level
   a - Confusing Touch                Hexes                        1
   b - Confuse                        Hexes                        3
   c - Gell's Gravitas                Translocation                3
   d - Petrify                        Transmutation/Earth          4
   e - Metabolic Englaciation         Hexes/Ice                    5
   f - Yara's Violent Unravelling     Hexes/Transmutation          5
Comestibles
 f - 4 bread rations
 k - a royal jelly
 o - 3 fruits
 u - 2 chunks of flesh


   Skills:
 + Level 2.2 Fighting
 - Level 1.0 Short Blades
 + Level 1.3 Armour
 - Level 1.1 Dodging
 - Level 2.1 Spellcasting
   Level 1.7 Charms
 - Level 1.3 Necromancy
   Level 1.1 Translocations
   Level 2.6 Evocations


You had 4 spell levels left.
You knew the following spells:

 Your Spells              Type           Power        Failure   Level  Hunger
r - Corpse Rot            Necr           N/A          90%         2    ###....


Dungeon Overview and Level Annotations

Branches:
Dungeon (3/15)

Altars:
Gozag
Hepliaklqana

Annotations:
D:3 Jessica


Innate Abilities, Weirdness & Mutations

You are resistant to damage.
You can heal yourself by infusing magical energy.
You passively map a small area around you.
You do not regenerate.


Message History

You hit Jessica but do no damage.
Jessica is almost dead.
Jessica closely misses you. Jessica hits you but does no damage.
Some of the chunks of flesh in your inventory have rotted away.
You hit Jessica but do no damage.
Jessica is almost dead.
Jessica hits you but does no damage.
Jessica gestures wildly while chanting.
Jessica blinks!
Your scale mail prevents you from hitting Jessica.
Jessica is severely wounded.
Jessica casts a spell.
Jessica blinks!
Jessica casts a spell at you.
You barely resist.
Jessica casts a spell.
Jessica blinks!
Jessica hits you but does no damage. Jessica gestures at you while chanting.
Pain shoots through your body!
You die...

#.# #.# #.# #.# #.# *#.# *
### #.# #.# , ,... ..# #.#
#.# #.# #.# #.# #.# * #.#
#.# #.# #.# #.# #.#
#.########.### *
#.#####.#######.##..........
,
#..........@.@..##.#####.###
,*
#######.#####...##.#####.###
* #.# #.#....#........ * ,
,..# #...####.####.## * ####
##<## *.# #.# * .# #.# ***,
.# #.. , .., ### ..*


You could see Jessica.

Vanquished Creatures
  An ooze (D:2)
  A worm (D:2)
  5 dart slugs
  A leopard gecko (D:1)
  5 bats
  A giant cockroach (D:1)
  3 goblins
  5 hobgoblins
  A quokka (D:3)
  A frilled lizard (D:2)
  7 kobolds
  4 rats
35 creatures vanquished.

Notes
Turn   | Place    | Note
-------+----------+-------------------------------------------
     0 | D:1      | Gorglomux the Deep Dwarf Wanderer began the quest for the Orb.
     0 | D:1      | Gorglomux set off with: a book of Battle, a +0 short sword, the Guide on Black Rites, a +0 robe, a bread ration
     0 | D:1      | Reached XP level 1. HP: 18/18 MP: 3/3
     0 | D:1      | Identified the Guide on Black Rites
    99 | D:1      | Reached XP level 2. HP: 22/25 MP: 5/5
   113 | D:1      | Learned a level 2 spell: Corpse Rot
   355 | D:1      | Reached skill level 1 in Necromancy
   560 | D:1      | Reached XP level 3. HP: 5/32 MP: 6/6
  1242 | D:2      | Found an opulent altar of Gozag.
  1255 | D:2      | Found a hazy altar of Hepliaklqana.
  1313 | D:2      | Reached skill level 1 in Armour
  1532 | D:3      | Noticed Jessica
  1594 | D:3      | HP: 1/32 [Jessica/nerve-wracking pain (3)]
  1604 | D:3      | Killed from afar by Jessica

Vault maps used:
D:1:      kennysheep_arrival_seaside, serial_forest,
          infiniplex_forest_clump_medium, infiniplex_forest_end_1,
          infiniplex_forest_lined_room_2, infiniplex_forest_clump_long,
          infiniplex_forest_clump_double, infiniplex_forest_straight_1,
          infiniplex_forest_clump_double
D:2:      amethyst_overflow_temple_binary, first_bread
D:3:      uniq_jessica

Skill      XL: |  1  2  3 |
---------------+----------+-----
Spellcasting   | 2 |  2.1
Necromancy     | 1 |  1.3
Fighting       | 2 |  2.2
Armour         | 1 |  1.3
Short Blades   | |  1.0
Dodging        | |  1.1
Charms         | |  1.7
Translocations | |  1.1
Evocations     | |  2.6

Action                   || total
-------------------------++-------
Melee: Short sword       ||   173
 Cast: Corpse Rot        ||     1
 Abil: Heal Wounds       ||     2
 Stab: Sleeping          ||     2
  Eat: Chunk             ||     2
Armor: Robe              ||     5
       Scale mail        ||    63
Dodge: Dodged            ||    73
